 Dungeon Crawl Stone Soup version 0.28.0 (webtiles) character file.

Game seed: 15783579549822555081

385 rockstonesolid the Covert (level 6, 0/53 HPs)
             Began as a Gnoll Delver on Feb 17, 2022.
             Shot with an arrow by a centaur (15 damage)
             ... on level 5 of the Dungeon.
             The game lasted 00:04:51 (726 turns).

rockstonesolid the Covert (Gnoll Delver)             Turns: 726, Time: 00:04:51

Health: 0/53       AC:  4    Str: 11    XL:     6   Next: 77%
Magic:  9/9        EV: 13    Int: 11    God:
Gold:   68         SH:  0    Dex: 14    Spells: 6/9 levels left

rFire   . . .      SeeInvis .   a - +0 short sword
rCold   . . .      Faith    .   (no shield)
rNeg    . . .      Spirit   .   b - +0 leather armour
rPois   .          Reflect  .   (no helmet)
rElec   .          Harm     .   (no cloak)
rCorr   .          Rampage  .   (no gloves)
Will    .....                   p - +0 pair of boots
Stlth   ++++......              (no amulet)
HPRegen 0.17/turn               (no ring)
MPRegen 0.11/turn               (no ring)

@: hasted, very quick
A: fangs 1, strong nose, distributed training
a: no special abilities


You were on level 5 of the Dungeon.
You visited 1 branch of the dungeon, and saw 4 of its levels.

You collected 122 gold pieces.
You spent 54 gold pieces at shops.

Inventory:

Hand Weapons
 a - a +0 short sword (weapon)
 h - a +0 trident
 n - a +0 flail of protection
 q - a +3 hand axe
Missiles
 l - 4 poisoned darts
 m - an atropa-tipped dart (quivered)
Armour
 b - a +0 leather armour (worn)
 p - a +0 pair of boots (worn)
Wands
 g - a wand of digging (3) {@v3}
Scrolls
 c - 2 scrolls of fog
 d - 3 scrolls of magic mapping {@r5}
 e - a scroll of fear
 j - 4 scrolls of identify {unknown}
 k - a scroll of amnesia {unknown}
Potions
 i - a potion of heal wounds {unknown}
 o - a potion of lignification {unknown}


   Skills:
 + Level 6.9 Fighting
 + Level 5.0 Short Blades
 + Level 2.1 Long Blades
 + Level 2.1 Axes
 + Level 2.1 Maces & Flails
 + Level 2.1 Polearms
 + Level 2.1 Staves
 + Level 2.1 Slings
 + Level 2.1 Bows
 + Level 2.1 Crossbows
 + Level 2.1 Throwing
 + Level 2.1 Armour
 + Level 5.0 Dodging
 + Level 9.8 Stealth
 + Level 2.1 Shields
 + Level 2.1 Unarmed Combat
 + Level 2.1 Spellcasting
 + Level 1.6 Conjurations
 + Level 1.6 Hexes
 + Level 1.6 Summonings
 + Level 1.6 Necromancy
 + Level 1.6 Translocations
 + Level 1.6 Transmutations
 + Level 1.6 Fire Magic
 + Level 1.6 Ice Magic
 + Level 1.6 Air Magic
 + Level 1.6 Earth Magic
 + Level 1.6 Poison Magic
 + Level 2.3 Invocations
 + Level 2.1 Evocations


You had 6 spell levels left.
You knew the following spells:

 Your Spells              Type           Power      Damage    Failure   Level
a - Call Canine Familiar  Summ           4%         N/A       50%         3

Your spell library contained the following spells:

 Spells                   Type           Power      Damage    Failure   Level
 Summon Small Mammal      Summ           16%        N/A       19%         1
 Summon Guardian Golem    Hex/Summ       4%         N/A       50%         3


Dungeon Overview and Level Annotations

Branches:
Dungeon (6/15)
 Temple: D:4-7

Altars:

Shops:
D:4 [


Innate Abilities, Weirdness & Mutations

You have very sharp teeth.
Your uncanny sense of smell can sniff out nearby items.
Your experience applies equally to all skills.


Message History

A centaur comes into view.
An ogre comes into view. It is wielding a +0 giant club.
Found a scroll labelled UPHUITHR KIZU.
Okay, then.
Throw: 3 darts (atropa)
Aim: a centaur, quivering arrows (wandering, hasn't noticed you, 73% to hit, chance to blind on hit: 82%)
You throw an atropa-tipped dart.
The atropa-tipped dart hits the centaur.
The centaur appears confused.
The centaur shouts!
An adder skeleton comes into view.
The centaur barely misses you.
The centaur kicks you but does no damage.
The adder skeleton moves out of view.
You hit the centaur.
The centaur seems less confused.
The centaur closely misses you. The centaur misses you.
You hit the centaur. You bite the centaur, but do no damage.
The centaur misses you. x2
You hit the centaur. The centaur closely misses you.
The centaur kicks you but does no damage.
The centaur closely misses you. The centaur barely misses you.
Throw: 2 darts (atropa)
Aim: an ogre, wielding a +0 giant club (77% to hit, chance to blind on hit: 75%)
You throw an atropa-tipped dart. The atropa-tipped dart hits the ogre.
The ogre resists.
The centaur is no longer blind.
The ogre barely misses you.
The centaur hits you but does no damage.
The centaur barely misses you. The centaur hits you. The centaur misses you.
The ogre barely misses you. The centaur closely misses you.
The centaur misses you.
You see here an atropa-tipped dart.
The centaur hits you but does no damage.
The centaur kicks you but does no damage.
The centaur wields a +0 shortbow.
The centaur shoots an arrow.
The arrow hits you!
The centaur shoots an arrow.
The arrow hits you.
* * * LOW HITPOINT WARNING * * *
A water moccasin skeleton comes into view.
You feel yourself speed up.
The centaur shoots an arrow.
The arrow hits you!
You die...

#.......#*,.....,#.##.
#.......#*......,#.##.
#.......##......,*,*#.
#######.........,..###
*###** #.(.......,.....
*,...* #OZ.......*#....
#.##.#*#.####.##.,S....
#.....##c# *,#***#....
***#..@..#***,* ###..
##.##......# #..
**#'*##.##### #..
*,..,,,.# ### *...,,,.#
#...,,,.# #.Z.,,,.#
#...,,,,* *********


You could see a centaur and a water moccasin skeleton (dormant).

Vanquished Creatures
  A phantom (D:5)
  3 scorpions
  A hound (D:4)
  A bullfrog skeleton (D:6)
  An iguana (D:5)
  A hound skeleton (D:4)
  An adder (D:3)
  8 orcs
  9 goblins (D:3)
  2 hobgoblins (D:3)
28 creatures vanquished.

Notes
Turn   | Place    | Note
-------+----------+-------------------------------------------
     0 | D:5      | Reached skill level 9 in Stealth
     0 | D:5      | rockstonesolid the Gnoll Delver began the quest for the
                  | Orb.
     0 | D:5      | Reached XP level 1. HP: 23/23 MP: 1/1
    84 | D:6      | Noticed a scorpion
    91 | D:6      | Killed a scorpion
    92 | D:6      | Reached skill level 1 in Long Blades
    92 | D:6      | Reached skill level 1 in Axes
    92 | D:6      | Reached skill level 1 in Maces & Flails
    92 | D:6      | Reached skill level 1 in Polearms
    92 | D:6      | Reached skill level 1 in Staves
    92 | D:6      | Reached skill level 1 in Slings
    92 | D:6      | Reached skill level 1 in Bows
    92 | D:6      | Reached skill level 1 in Crossbows
    92 | D:6      | Reached skill level 1 in Throwing
    92 | D:6      | Reached skill level 1 in Armour
    92 | D:6      | Reached skill level 1 in Shields
    92 | D:6      | Reached skill level 1 in Unarmed Combat
    92 | D:6      | Reached skill level 1 in Spellcasting
    92 | D:6      | Reached skill level 1 in Invocations
    92 | D:6      | Reached skill level 1 in Evocations
    92 | D:6      | Reached XP level 2. HP: 29/29 MP: 1/3
    92 | D:6      | Reached XP level 3. HP: 35/35 MP: 1/4
   148 | D:6      | Reached XP level 4. HP: 31/41 MP: 5/5
   241 | D:6      | HP: 2/41 [bullfrog skeleton (2)]
   247 | D:6      | Reached skill level 1 in Conjurations
   247 | D:6      | Reached skill level 1 in Hexes
   247 | D:6      | Reached skill level 1 in Summonings
   247 | D:6      | Reached skill level 1 in Necromancy
   247 | D:6      | Reached skill level 1 in Translocations
   247 | D:6      | Reached skill level 1 in Transmutations
   247 | D:6      | Reached skill level 1 in Fire Magic
   247 | D:6      | Reached skill level 1 in Ice Magic
   247 | D:6      | Reached skill level 1 in Air Magic
   247 | D:6      | Reached skill level 1 in Earth Magic
   247 | D:6      | Reached skill level 1 in Poison Magic
   291 | D:5      | Learned a level 3 spell: Call Canine Familiar
   441 | D:3      | Reached XP level 5. HP: 20/47 MP: 5/7
   544 | D:4      | Found Ekhozium's Armour Emporium.
   552 | D:4      | Bought a +0 pair of boots for 54 gold pieces
   605 | D:4      | Reached XP level 6. HP: 15/53 MP: 8/8
   687 | D:5      | Reached skill level 5 in Short Blades
   687 | D:5      | Reached skill level 5 in Dodging
   726 | D:5      | Shot with an arrow by a centaur

Illustrated notes

Levels and vault maps discovered:
D:3:      cheibrodos_greedy_goblins, layout_basic,
          shapermc_ecumenical_altar_petra
D:4:      layout_loops_ring, serial_shops, nicolae_shop_waterfront
D:5:      layout_basic
D:6:      layout_basic

Skill      XL: |  1  2  3  4  5  6 |
---------------+-------------------+-----
Stealth        | |  9.8
Long Blades    | 1 2 |  2.1
Axes           | 1 2 |  2.1
Maces & Flails | 1 2 |  2.1
Polearms       | 1 2 |  2.1
Staves         | 1 2 |  2.1
Slings         | 1 2 |  2.1
Bows           | 1 2 |  2.1
Crossbows      | 1 2 |  2.1
Throwing       | 1 2 |  2.1
Armour         | 1 2 |  2.1
Shields        | 1 2 |  2.1
Unarmed Combat | 1 2 |  2.1
Spellcasting   | 1 2 |  2.1
Invocations    | 1 2 |  2.3
Evocations     | 1 2 |  2.1
Conjurations   | 1 |  1.6
Hexes          | 1 |  1.6
Summonings     | 1 |  1.6
Necromancy     | 1 |  1.6
Translocations | 1 |  1.6
Transmutations | 1 |  1.6
Fire Magic     | 1 |  1.6
Ice Magic      | 1 |  1.6
Air Magic      | 1 |  1.6
Earth Magic    | 1 |  1.6
Poison Magic   | 1 |  1.6
Short Blades   | 5 |  5.0
Dodging        | 5 |  5.0
Fighting       | |  6.9

Action                   |  1- 3 |  4- 6 || total
-------------------------+-------+-------++-------
Melee: Short sword       |     4 |    20 ||    24
       Flail             |       |    58 ||    58
       Bite              |       |     6 ||     6
       Punch             |       |     2 ||     2
Throw: Dart              |     1 |    25 ||    26
  Use: Scroll            |       |     2 ||     2
       Potion            |       |     1 ||     1
 Stab: Sleeping          |     1 |     2 ||     3
       Invisible         |     1 |     5 ||     6
Armor: Leather armour    |       |    26 ||    26
Dodge: Dodged            |     2 |    56 ||    58
